 Dungeon Crawl Stone Soup version 0.28-a0-595-g9f6c0e134a (webtiles) character file.

Game seed: 10557027013714216723

555 Shard1697 the Magician (level 7, -2/48 HPs)
             Began as a Djinni Ice Elementalist on Oct 4, 2021.
             Was an Initiate of Makhleb.
             Shot with an arrow by a centaur (8 damage)
             ... on level 5 of the Dungeon.
             The game lasted 00:04:54 (2842 turns).

Shard1697 the Magician (Djinni Ice Elementalist)    Turns: 2842, Time: 00:04:54

Health: -2/48      AC:  4    Str:  4 (7)  XL:     7   Next: 55%
Gold:   149        EV: 12    Int: 17 (19) God:    Makhleb [......] SH:  0 Dex: 10 (13)

rFire   + + .      SeeInvis .   a - +1 morningstar (protect)
rCold   x . .      Faith    .   (no shield)
rNeg    . . .      Spirit   .   b - +1 robe
rPois   ∞          Reflect  .   (no helmet)
rElec   .          Harm     .   (no cloak)
rCorr   +          Rampage  .   d - +0 pair of gloves
Will    .....                   (boots unavailable)
Stlth   ++........              l - amulet of the acrobat
HPRegen 0.16/turn               c - ring of resist corrosion
MPRegen 0.00/turn               (no ring)

@: mighty, flying
A: sickness immunity, fire resistance 2, cold vulnerability 1, float, innate
caster, hp casting, extra vitality 1
a: Renounce Religion


You were on level 5 of the Dungeon.
You worshipped Makhleb.
Makhleb was noncommittal.
You visited 1 branch of the dungeon, and saw 5 of its levels.
You also visited: Sewer.

You collected 149 gold pieces.

Inventory:

Hand Weapons
 a - a +1 morningstar of protection (weapon)
Armour
 b - a +1 robe (worn)
 d - a +0 pair of gloves (worn)
Jewellery
 c - a ring of resist corrosion (left hand)
 l - an amulet of the acrobat (around neck)
Wands
 k - a wand of acid (14)
Potions
 e - a potion of curing {unknown}
 h - a potion of brilliance {unknown}
 i - a potion of resistance {unknown}
 j - a potion of haste {unknown}


   Skills:
 + Level 1.8 Fighting
 - Level 2.1 Dodging
 - Level 1.5 Stealth
 * Level 6.5 Spellcasting


You had 2 spell levels left.
You knew the following spells:

 Your Spells              Type           Power      Damage    Failure   Level
a - Freeze                Ice            100%       1d11      1%          1
b - Frozen Ramparts       Ice            54%        1d7       2%          3
c - Ozocubu's Armour      Ice            27%        N/A       2%          3
d - Hailstorm             Conj/Ice       27%        3d7       9%          4
e - Sandblast             Erth           54%        2d13      1%          1
f - Searing Ray           Conj           54%        2d6       1%          2
g - Lesser Beckoning      Tloc           27%        N/A       2%          3
Your spell library was empty.

Dungeon Overview and Level Annotations

Branches:
Dungeon (4/15)              Sewer (visited)
 Temple: D:4-7

Altars:
Fedhas
Makhleb
Zin

Shops:
D:2 *


Innate Abilities, Weirdness & Mutations

You are immune to sickness and miasma.
You are immune to poison.
Your flesh is very heat resistant. (rF++)
You are vulnerable to cold. (rC-)
You float through the air rather than walking.
You learn spells naturally, not from books.
Your magical power is your life essence.
You have superior vitality. (+4 HP)


Message History

* * * LOW HITPOINT WARNING * * *
Casting: Freeze (safe; 1% risk of failure)
Confirm with . or Enter, or press ? or * to list all spells.
Aiming: Freeze (safe; 1% risk of failure)
Press: ? - help, Shift-Dir - straight line, f/p - gnoll
Aim: a gnoll, wielding a +0 halberd (severely wounded)
You freeze the gnoll.
The gnoll is severely wounded.
* * * LOW HITPOINT WARNING * * *
The gnoll misses you.
Casting: Freeze (safe; 1% risk of failure)
Confirm with . or Enter, or press ? or * to list all spells.
Aiming: Freeze (safe; 1% risk of failure)
Press: ? - help, Shift-Dir - straight line, f/p - gnoll
Aim: a gnoll, wielding a +0 halberd (severely wounded)
You freeze the gnoll.
You kill the gnoll!
Makhleb accepts your kill.
* * * LOW HITPOINT WARNING * * *
You hear the slow hiss of an avalanche of sand nearby.
You start resting.
A gnoll comes into view. It is wielding a +0 spear.
The gnoll shouts!
You hear a shout! x2
A worm and a centaur come into view.
Found a scroll labelled VADUAS PAHI.
The centaur shouts!
There are monsters nearby!
Okay, then.
You aren't carrying any scrolls.
You aren't carrying any scrolls.
It was a potion of degeneration.
There was something very wrong with that liquid.
You feel weakened.
You feel dopey.
You feel clumsy.
The centaur wields a +0 shortbow.
The centaur shoots an arrow.
The arrow hits you!
* * * LOW HITPOINT WARNING * * *
It was a potion of might.
You feel very mighty all of a sudden.
The centaur shoots an arrow.
The arrow hits you!
You die...

#.........#
..?....
+..)......+ ...w.
#.........# .....
##.......## ...
##.....## .c.
##...## #.# ##'##
#.# #.# #@#
#†######
#.#########.......
#g##.........#...#
#................#
####..............
#.g............
#..............
#........##...#
#......).# ...#


You could see a centaur, a worm (wandering) and a gnoll.

Vanquished Creatures
  Prince Ribbit (D:5)
  Eustachio (D:5)
  A water moccasin (Sewer)
  A jelly (D:5)
  A gnoll (D:5)
  2 adders (D:2)
  2 worms (D:2)
  2 dart slugs (D:3)
  4 bats
  4 endoplasms
  8 giant cockroaches
  5 goblins
  A hobgoblin (D:3)
  2 jackals (Sewer)
  3 quokkas (D:3)
  6 ball pythons
  3 frilled lizards
  4 kobolds
  3 rats
54 creatures vanquished.

Notes
Turn   | Place    | Note
-------+----------+-------------------------------------------
     0 | D:1      | Shard1697 the Djinni Ice Elementalist began the quest for
                  | the Orb.
     0 | D:1      | Reached XP level 1. HP: 15/15 MP: 0/0
   426 | D:1      | Reached XP level 2. HP: 17/21 MP: 0/0
   964 | D:2      | Reached skill level 4 in Spellcasting
   964 | D:2      | Reached XP level 3. HP: 18/25 MP: 0/0
   964 | D:2      | Learned a level 1 spell: Sandblast
  1078 | D:2      | Found Ubofur's Assorted Antiques.
  1448 | D:2      | Reached XP level 4. HP: 31/31 MP: 0/0
  1852 | D:3      | Found a faded altar of an unknown god.
  1920 | D:3      | Found a glowing drain.
  1948 | Sewer    | Entered a sewer
  2056 | Sewer    | Noticed a water moccasin
  2062 | Sewer    | Killed a water moccasin
  2063 | Sewer    | Reached skill level 5 in Spellcasting
  2063 | Sewer    | Reached XP level 5. HP: 29/35 MP: 0/0
  2063 | Sewer    | Learned a level 2 spell: Searing Ray
  2242 | D:3      | Found a blossoming altar of Fedhas.
  2336 | D:3      | Found a burning altar of Makhleb.
  2339 | D:3      | Found a glowing silver altar of Zin.
  2339 | D:3      | Noticed an angel
  2339 | D:3      | Noticed an Executioner
  2342 | D:3      | Became a worshipper of Makhleb the Destroyer
  2363 | D:3      | Reached XP level 6. HP: 32/40 MP: 0/0
  2701 | D:4      | You are sucked into a shaft and drop 1 floor!
  2701 | D:5      | Entered Level 5 of the Dungeon
  2728 | D:5      | Noticed Eustachio
  2749 | D:5      | Killed Eustachio
  2750 | D:5      | Reached skill level 6 in Spellcasting
  2767 | D:5      | Noticed Prince Ribbit
  2776 | D:5      | Killed Prince Ribbit
  2777 | D:5      | Reached skill level 1 in Fighting
  2777 | D:5      | Reached XP level 7. HP: 20/48 MP: 0/0
  2777 | D:5      | Learned a level 3 spell: Lesser Beckoning
  2842 | D:5      | Shot with an arrow by a centaur

Illustrated notes

Levels and vault maps discovered:
D:1:      matt_arrival_los_fun, layout_basic, patterned_corridor
D:2:      layout_basic, serial_shops, nicolae_square_shop
D:3:      layout_loops_ring, grunt_temple_overflow_order_and_chaos_2,
          fedhas_altar_1, gup_sewer_entry_pipe,
          hellmonk_ecumenical_altar_heavens_door
D:4:      layout_rooms, hangedman_decor_opposing
D:5:      layout_loops_corners, gup_ossuary_entry_pyramid,
          nicolae_underground_beach, uniq_grinder, uniq_eustachio,
          uniq_prince_ribbit1

Skill      XL: |  1  2  3  4  5  6 |
---------------+-------------------+-----
Spellcasting   | 4 5 6 |  6.5
Fighting       | 1 |  1.8
Dodging        | |  2.1
Stealth        | |  1.5

Action                   |  1- 3 |  4- 6 |  7- 9 || total
-------------------------+-------+-------+-------++-------
Melee: Dagger            |    26 |       |       ||    26
       Morningstar       |    28 |    52 |       ||    80
 Cast: Freeze            |     7 |    14 |     5 ||    26
       Frozen Ramparts   |       |     5 |       ||     5
  Use: Scroll            |     4 |     1 |       ||     5
       Potion            |       |       |     2 ||     2
 Stab: Sleeping          |     3 |     4 |       ||     7
Armor: Robe              |    23 |    31 |       ||    54
Dodge: Dodged            |    45 |    57 |     4 ||   106

Table legend: (Time is in decaauts)
 A = Elapsed time spent in this place.
 B = Non-inter-level travel time spent in this place.
 C = Inter-level travel time spent in this place.
 D = Time resting spent in this place.
 E = Time spent auto-exploring this place.
 F = Levels seen in this place.
 G = Mean time per level.
                   A        B        C        D        E       F      G
               +--------+--------+--------+--------+--------+-----+--------+
         Total |   2879 |   2790 |     89 |     84 |   1935 |   6 |  479.8 |
       Dungeon |   2662 |   2573 |     89 |     31 |   1837 |   5 |  532.4 |
         Sewer |    217 |    217 |      0 |     53 |     98 |   1 |  217.0 |
               +--------+--------+--------+--------+--------+-----+--------+

Top non-repeatable levels by time:
     D:2: 923 daAuts
     D:3: 821 daAuts
     D:1: 775 daAuts
   Sewer: 217 daAuts
     D:5: 141 daAuts
     D:4: 0 daAuts
